 Dungeon Crawl Stone Soup version 0.29.1-12-g30fa7ad0bf (webtiles) character file.

Game seed: 15745042734310482707

60 croobank the Conjurer (level 3, -3/25 HPs)
             Began as a Demonspawn Conjurer on Dec 28, 2022.
             Was an Initiate of Yredelemnul.
             Killed from afar by a white imp (7 damage)
             ... with a puff of frost
             ... summoned by Natasha
             ... on level 2 of the Dungeon.
             The game lasted 00:06:17 (1859 turns).

croobank the Conjurer (Demonspawn Conjurer)         Turns: 1859, Time: 00:06:18

Health: -3/25      AC:  2    Str:  7    XL:     3   Next: 82%
Magic:  1/6        EV: 13    Int: 21    God:    Yredelemnul [......]
Gold:   86         SH:  0    Dex: 17    Spells: 3/6 levels left

rFire   . . .      SeeInvis .   f - +0 dagger
rCold   . . .      Faith    .   (no shield)
rNeg    . . .      Spirit   .   a - +0 robe
rPois   .          Reflect  .   (helmet restricted)
rElec   .          Harm     .   (no cloak)
rCorr   .          Rampage  .   (no gloves)
Will    .....                   (no boots)
Stlth   ++........              (no amulet)
HPRegen 0.08/turn               d - +6 ring of dexterity
MPRegen 0.10/turn               (no ring)

@: slowed, very slow
A: antennae 1
a: Renounce Religion, Recall Undead Harvest


You were on level 2 of the Dungeon.
You worshipped Yredelemnul.
Yredelemnul was noncommittal.
You visited 1 branch of the dungeon, and saw 2 of its levels.

You collected 86 gold pieces.

Inventory:

Hand Weapons
 f - a +0 dagger (weapon)
Missiles
 c - 3 poisoned darts
Armour
 a - a +0 robe (worn)
Jewellery
 d - a +6 ring of dexterity (left hand)
 l - an amulet of guardian spirit
Scrolls
 b - a scroll of butterflies {unknown}
 i - a scroll of teleportation {unknown}
 j - a scroll of identify {unknown}
Potions
 e - a potion of invisibility {unknown}
 h - 3 potions of curing {unknown}
 k - a potion of berserk rage {unknown}


   Skills:
 + Level 0.5 Fighting
 + Level 2.4 Dodging
 + Level 2.4 Stealth
 + Level 2.4 Spellcasting
 + Level 4.3 Conjurations
 + Level 0.7 Invocations


You had 3 spell levels left.
You knew the following spells:

 Your Spells              Type           Power      Damage    Failure   Level
a - Magic Dart            Conj           80%        1d7       2%          1
b - Searing Ray           Conj           40%        2d5       3%          2

Your spell library contained the following spells:

 Spells                   Type           Power      Damage    Failure   Level
 Dazzling Flash           Conj/Hex       22%        N/A       17%         3
 Sublimation of Blood     Necr           2%         N/A       22%         2
 Wereblood                Tmut           2%         N/A       22%         2
 Fulminant Prism          Conj/Hex       5%         3d7       50%         4
 Iskenderun's Mystic Bla  Conj/Tloc      11%        2d4       50%         4
 Summon Hydra             Summ           1%         N/A       100%        7


Dungeon Overview and Level Annotations

Branches:
Dungeon (2/15)

Altars:
Yredelemnul

Annotations:
D:2 Natasha


Innate Abilities, Weirdness & Mutations

You have a pair of small antennae on your head.


Message History

Natasha is heavily wounded.
Natasha claws you. The white imp gestures at you.
The puff of frost hits your dart slug zombie.
Your dart slug zombie resists.
Your dart slug zombie bites the white imp but does no damage.
Casting: Magic Dart (safe; 2% risk of failure)
Confirm with . or Enter, or press ? or * to list all spells.
You don't have enough magic to cast this spell.
You miss Natasha.
Natasha is heavily wounded.
Natasha claws you. The white imp gestures at you.
The puff of frost hits your dart slug zombie.
Your dart slug zombie resists.
Natasha mumbles some strange words.
Natasha shimmers violently.
Natasha casts a spell at you. The magic dart hits you.
The white imp gestures at you.
The puff of frost hits your dart slug zombie.
Your dart slug zombie resists.
You hit Natasha.
Natasha is severely wounded.
Natasha claws you!
* * * LOW HITPOINT WARNING * * *
Your dart slug zombie bites the white imp but does no damage.
The white imp hits your dart slug zombie.
The white imp freezes your dart slug zombie.
Your dart slug zombie completely resists.
You hit Natasha but do no damage.
Natasha is severely wounded.
Natasha casts a spell.
The white imp hits your dart slug zombie.
Your dart slug zombie is destroyed!
Natasha misses you. The white imp gestures at you. The puff of frost hits you!
You die...
Your body rises from the dead as a mindless zombie.

########### #.........#
#.........#
####.........######### #####
............................
...................######.....#.
.................#.#####........
...............h.#....h.........
.............5.@.######.........
#..............5..# .........
#......[..##.###### .........
#.........##.# .........
#............#### .........
#.........#.<...# #....!...
#[..............##### #.......
#..........#........####### #.#
#.......#.##.............## ##.#


You could see Natasha, a white imp (summoned) and a shadow imp (summoned).

Vanquished Creatures
  2 adders (D:1)
  3 dart slugs
  2 bats
  4 endoplasms (D:1)
  A giant cockroach (D:1)
  5 goblins
  2 hobgoblins (D:1)
  2 quokkas (D:1)
  2 ball pythons
  3 frilled lizards
  2 rats (D:1)
28 creatures vanquished.

Vanquished Creatures (collateral kills)
  2 worms (D:2)
2 creatures vanquished.

Vanquished Creatures (others)
  A worm zombie (D:2)
  A ball python (D:1)
  A goblin (D:1)
  A ball python zombie (D:2)
  A dart slug zombie (D:2)
  A frilled lizard zombie (D:2)
6 creatures vanquished.

Grand Total: 36 creatures vanquished

Notes
Turn   | Place    | Note
-------+----------+-------------------------------------------
     0 | D:1      | croobank the Demonspawn Conjurer began the quest for the
                  | Orb.
     0 | D:1      | Reached XP level 1. HP: 13/13 MP: 3/3
   407 | D:1      | Discovered your monstrous ancestry.
   407 | D:1      | Gained mutation: You have a pair of small antennae on your
                  | head. [demonic ancestry]
   407 | D:1      | Reached XP level 2. HP: 19/19 MP: 3/5
   525 | D:1      | Learned a level 2 spell: Searing Ray
  1118 | D:1      | Found a faded altar of an unknown god.
  1121 | D:1      | Prayed at the altar of an unknown god.
  1121 | D:1      | Became a worshipper of Yredelemnul the Dark
  1281 | D:1      | Reached XP level 3. HP: 13/24 MP: 2/6
  1686 | D:2      | Reached * piety under Yredelemnul
  1833 | D:2      | Noticed Natasha
  1859 | D:2      | Killed from afar by a white imp

Illustrated notes

Levels and vault maps discovered:
D:1:      dpeg_arrival_chambers_temple_mockup, layout_rooms,
          shapermc_ecumenical_altar_mp_vishouse, lemuel_flame_loot_1
D:2:      layout_rooms, uniq_natasha

Skill      XL: |  1 |
---------------+----+-----
Stealth        | 2 |  2.4
Dodging        | 2 |  2.4
Fighting       | |  0.5
Spellcasting   | |  2.4
Conjurations   | |  4.3
Invocations    | |  0.7

Action                   || total
-------------------------++-------
Melee: Unarmed           ||     4
       Dagger            ||    29
 Cast: Magic Dart        ||    48
       Searing Ray       ||     6
Invok: Recall Undead Har ||     1
  Use: Potion            ||     3
 Stab: Sleeping          ||     1
Armor: Robe              ||     6
Dodge: Dodged            ||    48
